[Event "Serbian League 2024"]
[Site "Bajina Basta"]
[Date "2024.09.28"]
[Round "2.21"]
[White "Nenezic, Marko"]
[Black "Draskovic, Luka"]
[Result "1/2-1/2"]
[ECO "E05"]
[WhiteElo "2492"]
[BlackElo "2497"]
[Annotator "TA"]
[PlyCount "79"]
[EventDate "2024.09.26"]
[EventType "team-tourn"]
[EventCountry "SRB"]
[SourceTitle "playchess.com"]
[Source "ChessBase"]
[SourceQuality "1"]
[TimeControl "40/5400+30:1800+30"]

1. Nf3 d5 2. g3 Nf6 3. Bg2 e6 4. O-O Be7 5. d4 O-O 6. c4 dxc4 7. Qa4 a6 8. Qxc4 b5 9. Qc2 Bb7 10. Bf4 Nd5 11. Nc3 Nxf4 12. gxf4 Ra7 {[%emt 0:02:22] E05: Open Catalaans: 5 Pf3 Le7.} 13. Rfd1 {Zwart kan beter} Bxf3 {[%emt 0:14:30] Fout (0.5)} (13... Nd7 $14) 14. Bxf3 $16 c6 $146 {[%emt 0:00:01] OK. Wit staat beter.} ({Predecessor:} 14... Bd6 15. e3 Qh4 16. Ne4 Nd7 17. a4 b4 18. a5 Nf6 19. Nxf6+ Qxf6 20. Kh1 g6 {1-0 Odendahl,S (2370)-Sharif,M Lloyds Bank op-03 1979 (8)}) 15. e3 Qb6 16. a4 {[%emt 0:22:27] OK} Rc7 {[%emt 0:01:01] Onnauwkeurig} 17. f5 {[%emt 0:06:12] OK} exf5 {[%emt 0:04:54] OK} 18. Qxf5 Bb4 19. Ne4 {[%emt 0:03:34] Ng5 zou dodelijk zijn.} Nd7 20. Kh1 Be7 21. Rg1 {[%emt 0:07:43][%cal Og1g7] [#] Met het idee Rxg7+! en mat. Onnauwkeurig} g6 {[%emt 0:01:35] OK} {Wit kan beter} 22. Qf4 {[%emt 0:02:33] Fout (0.7)} (22. b3 $16) {Zwart heeft baat bij} 22... Rcc8 {[%emt 0:04:09] Fout (0.8)} (22... bxa4 $14 23. Rxa4 a5) {Wit heeft voordeel bij} 23. Nd6 {[%emt 0:10:58] Fout (0.6)} (23. Rg3 $16) 23... Bxd6 $14 {[%emt 0:08:30] Beste (Gemakkelijk)} 24. Qxd6 Rfd8 {[%emt 0:00:04][%cal Bf8d8,Bd8d6,Bd6f6][%mdl 32] EV=22.30. Goes to f5 (dbg)). OK} 25. a5 {[%emt 0:01:40] Wit is veel actiever.} Qa7 {[%emt 0:00:14] OK} 26. b4 {[%emt 0:10:29][%cal Oa1c1] Dreigt te winnen met Rac1! OK} (26. Bxc6 $2 {vergaat.} Nb8 $19) 26... Nf8 {[%emt 0:00:22] is de moeite waard. Fout (0.9)} (26... Kg7 $16) 27. Qf6 $36 {[%emt 0:00:44][%cal Oa1c1][%mdl 2048] Wit is actief. OK} Qc7 28. Rac1 {[%emt 0:00:47][%cal Rc1c6] OK} Rd6 29. Qh4 Nd7 30. Rc2 Rf6 31. Bg4 {[%emt 0:02:44] [#] En nu zou Bxd7 winnen. OK} Kg7 {[%emt 0:00:06] OK} 32. Qg3 {[%emt 0:00:30] OK} Qd8 $2 {[%emt 0:00:27] is een verstandige keuze. Fout (1.6)} (32... Qxg3 33. hxg3 Rd8) 33. Rgc1 {[%emt 0:00:47] Fout (2.2)} (33. e4 $142) 33... Qe7 {[%emt 0:01:27] Beste} 34. Kg1 Rd6 {Wit verdient de voorkeur} 35. Bh3 {[%emt 0:00:59] Fout (1.3)} (35. h3 $18) 35... Rd5 $1 $14 {[%emt 0:02:12][%cal Od5g5] Hoopt vervolgens op ...Rg5! Sterk} 36. Bg2 {[%emt 0:00:37] is prominenter. Fout (0.5)} (36. Rxc6 $2 {verliest.} Rxc6 37. Rxc6 Rg5 $19) (36. Bxd7 $1 $14 Qxd7 37. h3) 36... Rg5 $11 {[%emt 0:00:27] Beste (Gemakkelijk)} 37. Qf4 {[%emt 0:00:09][%cal Rc2c6] is de betere keuze. OK} Rf5 $1 {[%emt 0:00:23] Sterk} 38. Qg3 {[%emt 0:01:39] heeft de voorkeur. Zwart moet nu e4 voorkomen.} Rg5 {[%emt 0:00:01] OK} 39. Qf4 {[%emt 0:00:30] Fout (0.0)} (39. Qh3 $11) 39... Rf5 $1 $14 {[%emt 0:00:02] Sterk} 40. Qg3 {[%emt 0:00:32] Blunder waarde: Wit=0.28 (precies) /Zwart=0.18 (erg precies) . Fout (0.5).  Fout:        	Wit=7      	Zwart=4      Onnauwkeurig:    	Wit=1      	Zwart=1      OK:         	Wit=8      	Zwart=7      Beste:        	---       	Zwart=3      Sterk:        	---       	Zwart=3} (40. Qe4 $14 Qxb4 41. Bh3 (41. Rxc6 Nf6 $17) 41... Rg5+ 42. Kf1) 1/2-1/2

[Event "Serbian League 2024"]
[Site "Bajina Basta"]
[Date "2024.09.28"]
[Round "2.22"]
[White "Bryakin, Mikhail"]
[Black "Perunovic, Miodrag"]
[Result "1-0"]
[ECO "D00"]
[WhiteElo "2438"]
[BlackElo "2347"]
[Annotator "ChessBase"]
[PlyCount "121"]
[EventDate "2024.09.26"]
[EventType "team-tourn"]
[EventCountry "SRB"]
[SourceTitle "playchess.com"]
[Source "ChessBase"]
[SourceQuality "1"]
[TimeControl "40/5400+30:1800+30"]

1. d4 Nf6 2. Bg5 d5 3. e3 c5 4. c3 Qb6 5. Qc2 Ne4 6. Bf4 Bf5 7. dxc5 Qxc5 8. Qb3 Bc8 9. Bxb8 Rxb8 10. Bb5+ Kd8 11. Nf3 e6 12. O-O Bd6 13. Rd1 Ke7 14. Nbd2 Nxd2 15. Rxd2 Rd8 16. Qa4 h6 17. Rad1 a6 18. Qh4+ f6 19. Bf1 b5 20. Qh5 f5 21. g4 Rf8 22. Nh4 Rf6 23. gxf5 Qc7 24. Ng6+ Kd8 25. e4 Qf7 26. Bg2 Kc7 27. Qh4 exf5 28. e5 Rxg6 29. exd6+ Rxd6 30. Rxd5 Rbb6 31. Qf4 Qf6 32. Kf1 g5 33. Qe3 f4 34. Qe8 f3 35. Rc5+ Rbc6 36. Rxc6+ Rxc6 37. Bh1 Bh3+ 38. Kg1 Qf5 39. Qe7+ Kb8 40. Qd8+ Ka7 41. Qd4+ Kb8 42. Rd3 g4 43. Rd1 Qe6 44. a4 bxa4 45. Qxa4 Kc8 46. Qd4 Kb8 47. Qb4+ Kc8 48. b3 Qe2 49. Qd4 Qe7 50. c4 Re6 51. Qd2 h5 52. c5 h4 53. Qc3 Qf6 54. Qb4 Qb2 55. Qf4 Qe2 56. Qf8+ Re8 57. Qf5+ Kb8 58. Qf4+ Ka8 59. Qc1 Qxf2+ 60. Kxf2 Re2+ 61. Kg1 1-0

[Event "Serbian League 2024"]
[Site "Bajina Basta"]
[Date "2024.09.28"]
[Round "2.23"]
[White "Radovanovic, Dusan"]
[Black "Radovanovic, Mihajlo"]
[Result "0-1"]
[ECO "B07"]
[WhiteElo "2293"]
[BlackElo "2426"]
[Annotator "ChessBase"]
[PlyCount "88"]
[EventDate "2024.09.26"]
[EventType "team-tourn"]
[EventCountry "SRB"]
[SourceTitle "playchess.com"]
[Source "ChessBase"]
[SourceQuality "1"]
[TimeControl "40/5400+30:1800+30"]

1. e4 g6 2. d4 Bg7 3. Nc3 d6 4. Be3 a6 5. h4 Nf6 6. f3 b5 7. Qd2 Nbd7 8. O-O-O h6 9. g4 Nb6 10. Bd3 b4 11. Nce2 a5 12. Nh3 h5 13. g5 Nfd7 14. f4 c5 15. dxc5 Na4 16. Bd4 Bxd4 17. Nxd4 Naxc5 18. f5 Ne5 19. Nf4 O-O 20. Qe2 Ncxd3+ 21. cxd3 Qb6 22. Nf3 b3 23. Kb1 bxa2+ 24. Ka1 Nxf3 25. Qxf3 a4 26. Nd5 Qb7 27. Rhf1 Rb8 28. Rd2 Be6 29. fxe6 fxe6 30. Nf6+ exf6 31. gxf6 a3 32. Qg2 Kf7 33. Rc1 axb2+ 34. Rxb2 Qxb2+ 35. Qxb2 Rxb2 36. Kxb2 Ra8 37. Ka1 Kxf6 38. Rf1+ Kg7 39. d4 Ra4 40. Rd1 g5 41. hxg5 Kg6 42. e5 dxe5 43. dxe5 Kxg5 44. Rd8 h4 0-1

[Event "Serbian League 2024"]
[Site "Bajina Basta"]
[Date "2024.09.28"]
[Round "2.24"]
[White "Lukovic, Vladimir"]
[Black "Marcetic, Nikola"]
[Result "1-0"]
[ECO "B27"]
[WhiteElo "2431"]
[BlackElo "2290"]
[Annotator "ChessBase"]
[PlyCount "93"]
[EventDate "2024.09.26"]
[EventType "team-tourn"]
[EventCountry "SRB"]
[SourceTitle "playchess.com"]
[Source "ChessBase"]
[SourceQuality "1"]
[TimeControl "40/5400+30:1800+30"]

1. e4 c5 2. Nf3 g6 3. Bc4 Bg7 4. O-O Nc6 5. c3 a6 6. d4 b5 7. Be2 cxd4 8. cxd4 d6 9. h3 Nf6 10. Be3 O-O 11. d5 Ne5 12. Nxe5 dxe5 13. Qd3 Ne8 14. a4 Bd7 15. Bc5 bxa4 16. Qa3 Nd6 17. Nc3 Re8 18. Bxd6 exd6 19. Nxa4 Bxa4 20. Qxa4 Qb6 21. Rfb1 f5 22. Qc6 Qd4 23. exf5 Rf8 24. Ra4 Qd2 25. Bxa6 Rad8 26. Qc1 Qxc1+ 27. Rxc1 gxf5 28. Rac4 e4 29. b4 Bh6 30. R1c2 Rde8 31. Bc8 e3 32. Be6+ Kg7 33. b5 Ra8 34. b6 Ra1+ 35. Kh2 Rb1 36. Rc7+ Kg6 37. b7 Bf4+ 38. g3 exf2 39. Rxf2 Be3 40. Re2 f4 41. gxf4 Bxf4+ 42. Kg2 Rf6 43. Bd7 Be5 44. Rf2 Kg5 45. Rxf6 Bxf6 46. Kf3 Bd8 47. Rc8 1-0

[Event "Serbian League 2024"]
[Site "Bajina Basta"]
[Date "2024.09.28"]
[Round "2.25"]
[White "Krstulovic, Alex"]
[Black "Nadj Hedjesi, Balind"]
[Result "0-1"]
[ECO "E90"]
[WhiteElo "2452"]
[BlackElo "2212"]
[Annotator "TA"]
[PlyCount "60"]
[EventDate "2024.09.26"]
[EventType "team-tourn"]
[EventCountry "SRB"]
[SourceTitle "playchess.com"]
[Source "ChessBase"]
[SourceQuality "1"]
[TimeControl "40/5400+30:1800+30"]

1. d4 d6 2. Nf3 Nf6 3. c4 g6 4. Nc3 Bg7 5. e4 Bg4 6. Be2 Bxf3 7. Bxf3 e5 8. d5 h5 9. Qb3 b6 {[%emt 0:01:11] Weiß steht etwas besser.} 10. h4 Nbd7 11. g3 a5 12. Qc2 Bh6 13. Bxh6 Rxh6 14. Qd2 Rh8 15. Bd1 Nc5 16. Bc2 Qd7 17. O-O $2 (17. Kf1 $14 {bleibt weiter vorne.}) 17... Qh3 $17 {[%emt 0:03:14] [#] Weiss muss nun ...Ng4 beachten.} 18. Rfe1 Ng4 {[%emt 0:20:41] Und jetzt ...Qh2+ wäre schön. Schwarz steht aktiver. Hervorragende Reitkunst.} 19. Bd1 $2 (19. f3 $17 Qxg3+ 20. Qg2 Qxg2+ (20... Qxh4 $2 21. fxg4 hxg4 22. Rf1 $19) 21. Kxg2) 19... Qh2+ $19 20. Kf1 Qh1+ $40 {[%emt 0:00:22][%mdl 128] Weiss ist in Schwierigkeiten.} 21. Ke2 {[%emt 0:00:05] Der Zug kostet die Partie für Weiß.} Qg2 {[%emt 0:00:14][%csl Gg4][%cal Rg2f2] [#]} 22. Bc2 Qxf2+ {[%emt 0:08:46] Schwarz steht klar auf Gewinn.} (22... Nxf2 23. Rg1 Qh2 (23... Nfxe4+ 24. Rxg2 Nxd2 25. Kxd2 $18) 24. Kf1 $11) 23. Kd1 Qxg3 24. Kc1 Qxh4 25. Nb5 O-O-O 26. Na7+ Kb7 27. Nc6 Ra8 28. Rf1 Qh3 29. Re1 Qg3 {[%emt 0:01:13] Und ...h4 würde nun gewinnen.} 30. Kb1 h4 {[%emt 0:01:37] Gewichteter Fehlerwert: Weiß=0.73/Schwarz=0.07 (makellos) .  Verlustzug:     	Weiß=2     	---        Fehler:       	Weiß=1     	---        OK:         	Weiß=6     	Schwarz=13    Bester:       	Weiß=1     	Schwarz=1} 0-1

[Event "Serbian League 2024"]
[Site "Bajina Basta"]
[Date "2024.09.28"]
[Round "2.26"]
[White "Yilmaz, Baver"]
[Black "Popovic, Dusan"]
[Result "0-1"]
[ECO "B06"]
[WhiteElo "2202"]
[BlackElo "2494"]
[Annotator "TA"]
[PlyCount "112"]
[EventDate "2024.09.26"]
[EventType "team-tourn"]
[EventCountry "SRB"]
[SourceTitle "playchess.com"]
[Source "ChessBase"]
[SourceQuality "1"]
[TimeControl "40/5400+30:1800+30"]

1. e4 g6 2. d4 Bg7 3. Nf3 d6 4. Nc3 a6 5. Be3 b5 6. Bd3 Bb7 7. a3 {[%emt 0:02:46] 7.a4 is setting a new trend. B06: Modern Defence.} Nd7 8. O-O c5 9. Re1 cxd4 10. Bxd4 Bxd4 $146 (10... e5 $5 11. Be3 $8 Ngf6 $11) ({Predecessor:} 10... Ngf6 11. e5 Bxf3 12. Qxf3 dxe5 13. Bxe5 Nxe5 14. Rxe5 O-O 15. Nd5 Nxd5 16. Rxd5 Qc7 {½-½ Llapasset,J (2086)-Di Nicolantonio,L (2399) Europe Echecs online op March blitz 2020 (2)}) 11. Nxd4 Ngf6 12. Qd2 e5 13. Nb3 O-O 14. f3 Nc5 15. Rad1 Qe7 16. Na5 Rac8 (16... Rfd8 $5) 17. Bf1 Rfd8 18. Nxb7 Qxb7 19. Nd5 Nxd5 20. Qxd5 Qxd5 (20... Qb6 $5 21. Kh1 $8 Ne6 $15) 21. Rxd5 Na4 22. b3 Nc3 23. Rd2 Kg7 24. g3 Rc5 25. Kf2 f5 26. Bd3 Kf6 27. exf5 gxf5 28. g4 $1 fxg4 29. fxg4 Rd5 30. Kg3 e4 31. Rf2+ Kg7 $1 (31... Ke5 32. Rf4 Rd4 33. Rf5+ Ke6 34. Kf2 $16) 32. Bf1 (32. Bxe4 $2 Re5 33. Rfe2 (33. Rf4 $2 d5 $19) 33... Nxe2+ 34. Rxe2 Rde8 $19) 32... Re5 ({Black should play} 32... Rd1 $17 33. Rxd1 Nxd1) 33. Bg2 ({Better is} 33. h4 $15) 33... d5 $17 34. h4 d4 35. Rd2 h6 36. Bh1 (36. b4 $17 {was worth a try.}) 36... Ree8 37. Bg2 {[%emt 0:00:51] [#]} (37. b4 $17 {was called for.}) 37... a5 (37... e3 $1 $19 38. Rd3 a5) 38. Bh1 (38. Rf2 $17) 38... Re7 39. Bg2 Ree8 40. Bh1 $1 Re7 41. Bg2 {[%emt 0:32:05] [#]} b4 (41... e3 $1 $19 42. Rd3 b4 43. axb4 axb4) 42. axb4 $17 axb4 43. Bh1 $2 (43. Bf1 $17) 43... e3 $19 44. Rd3 Rf7 45. Bf3 Rdf8 46. Bg2 Rf2 47. Rxd4 Ne2+ ({Inferior is} 47... Rxc2 48. Rxb4 (48. Rxe3 Ne2+ 49. Rxe2 Rxe2 $11) (48. Rd7+ Rf7 $11) 48... Ne2+ 49. Kh3 $11) 48. Rxe2 Rxe2 49. Rxb4 (49. Rd7+ {was forced.} Rf7 50. Rxf7+ Kxf7 51. Bd5+ Kf6 52. Kf3 Rxc2 53. Kxe3) 49... Re8 $19 ({Resist} 49... Rxc2 50. Rb7+ Kh8 51. Re7 $19) 50. Bf3 $2 (50. Rb7+ Kh8 51. Bf1) 50... Rf2 51. Be4 Rf7 52. Bd3 e2 53. Bxe2 Re3+ 54. Kg2 Rxe2+ 55. Kg3 Rxc2 56. g5 h5 0-1

[Event "Serbian League 2024"]
[Site "Bajina Basta"]
[Date "2024.09.28"]
[Round "2.27"]
[White "Sedlak, Nikola"]
[Black "Szalai, Kornel"]
[Result "1-0"]
[ECO "B50"]
[WhiteElo "2401"]
[BlackElo "2388"]
[Annotator "ChessBase"]
[PlyCount "99"]
[EventDate "2024.09.26"]
[EventType "team-tourn"]
[EventCountry "SRB"]
[SourceTitle "playchess.com"]
[Source "ChessBase"]
[SourceQuality "1"]
[TimeControl "40/5400+30:1800+30"]

1. e4 c5 2. Nf3 d6 3. Bc4 Nf6 4. d3 e6 5. Bb3 Be7 6. c3 Nbd7 7. a4 b6 8. O-O Bb7 9. Re1 Qc7 10. Bf4 h6 11. Na3 a6 12. h3 g5 13. Bg3 Nh5 14. Bh2 Nf4 15. d4 Nf6 16. Bxf4 gxf4 17. d5 e5 18. Bc4 Nd7 19. b4 Bf6 20. Bf1 Ke7 21. Nc4 Rag8 22. bxc5 Qxc5 23. Rb1 Rg3 24. Rb2 Rhg8 25. Kh1 Rxg2 26. Bxg2 Qxc4 27. Qb3 Rc8 28. h4 Qd3 29. c4 Qxb3 30. Rxb3 Rxc4 31. Bh3 Bc8 32. Bxd7 Bxd7 33. Rxb6 Bxa4 34. Rxa6 Bc2 35. Rc1 Bd3 36. Ra7+ Kf8 37. Rxc4 Bxc4 38. h5 Bd3 39. Nd2 f3 40. Ra3 Bc2 41. Rc3 Bd1 42. Nc4 Be7 43. Ne3 Ba4 44. Rc8+ Kg7 45. Nf5+ Kf6 46. Nxh6 Kg5 47. Ng8 Bf6 48. Nxf6 Kxf6 49. Rg8 Bc2 50. Rg4 1-0

[Event "Serbian League 2024"]
[Site "Bajina Basta"]
[Date "2024.09.28"]
[Round "2.28"]
[White "Farkas, Tibor"]
[Black "Stojanovic, Dalibor"]
[Result "1-0"]
[ECO "B56"]
[WhiteElo "2209"]
[BlackElo "2448"]
[Annotator "TA"]
[PlyCount "68"]
[EventDate "2024.09.26"]
[EventType "team-tourn"]
[EventCountry "SRB"]
[SourceTitle "playchess.com"]
[Source "ChessBase"]
[SourceQuality "1"]
[TimeControl "40/5400+30:1800+30"]

1. e4 c5 2. Nf3 Nc6 3. d4 cxd4 4. Nxd4 Nf6 5. Nc3 d6 6. f3 e5 7. Nde2 Be7 8. Be3 Be6 9. Nd5 Bxd5 {[%emt 0:06:12] Die Stellung ist ausgeglichen.} 10. exd5 Nb8 (10... Qa5+ $1 $11 11. Nc3 Nb4) 11. c4 O-O 12. Qd2 Nh5 13. O-O-O {[%emt 0:08:43] Weiß steht aktiver.} Nd7 (13... f5 $142) 14. g4 $16 Nf4 15. Nxf4 exf4 16. Bxf4 a5 {[%emt 0:00:02] [#]} (16... Ne5 $16) 17. h4 $1 $18 a4 (17... Re8 18. Kb1) 18. g5 Nc5 19. Be3 {[%emt 0:03:51] Droht stark Bxc5.} Qc8 20. Bh3 Qc7 21. Rhe1 {[%emt 0:14:01] Zielt auf Bxc5 ab.} Bd8 22. Kb1 Qb6 $2 (22... b5 23. cxb5 Qb8 24. Bxc5 dxc5) 23. Qc2 Qa7 {[%emt 0:05:18] Schwarz ist schwach auf den weissen Feldern} 24. h5 Ba5 25. Rg1 Bb6 26. Bf5 Rfe8 27. Bxh7+ {[%emt 0:00:40] Das Läuferpaar ist gut.} Kf8 28. Bf4 Bc7 29. h6 a3 30. b3 (30. hxg7+ $142 Kxg7 31. g6 Ne4 32. gxf7+ (32. fxe4 Qb6 $18) 32... Kxf7 33. Bg6+ (33. fxe4 Qxg1 34. Rxg1 Bb8 35. e5 Ke7 36. Rg7+ Kd8 37. Bg5+ Re7 38. Rxe7 dxe5 39. Qf5 axb2 40. Qf8#) (33. Bxe4 Re5 34. Qh2 Qxg1 35. Rxg1 Rf8 36. Qh7+ Ke8 37. Qxc7 Rxe4 38. Bxd6 axb2 39. Qc8+ Kf7 40. Qxf8#) 33... Kf6 34. Bg5+ (34. fxe4 Bb6 35. e5+ Rxe5 36. Bxe5+ Ke7 37. Qf5 Rf8 38. Qe6+ Kd8 39. Qxd6+ Kc8 40. Qxf8+ Bd8 41. Bf5#) 34... Kg7 35. Bxe8 (35. Bxe4 Qd4 36. Bh4+ Kf8 37. Rxd4 Re5 38. Qg2 Ke8 39. Qg8+ Kd7 40. Rg7+ Re7 41. Rxe7#)) 30... Qb6 31. hxg7+ {[%emt 0:00:50] Weiß setzt Matt.} Kxg7 32. g6 f6 {[%emt 0:01:25] [#]} 33. Bh6+ $1 Kxh6 34. g7 Ne4 {[%emt 0:00:00] Nach der Eröffnung ein Spiel auf ein Tor.   Gewichteter Fehlerwert: Weiß=0.05 (makellos) /Schwarz=0.84.  Fehler:       	---       	Schwarz=4     Ungenau:       	---       	Schwarz=1     OK:         	Weiß=10    	Schwarz=5} 1-0

[Event "Serbian League 2024"]
[Site "Bajina Basta"]
[Date "2024.09.28"]
[Round "2.29"]
[White "Alimpic, Aleksa"]
[Black "Kecskemeti, Arpad"]
[Result "1/2-1/2"]
[ECO "A48"]
[WhiteElo "2253"]
[BlackElo "2236"]
[Annotator "ChessBase"]
[PlyCount "130"]
[EventDate "2024.09.26"]
[EventType "team-tourn"]
[EventCountry "SRB"]
[SourceTitle "playchess.com"]
[Source "ChessBase"]
[SourceQuality "1"]
[TimeControl "40/5400+30:1800+30"]

1. d4 Nf6 2. Nf3 g6 3. Bf4 Bg7 4. c3 d6 5. Nbd2 Nh5 6. Bg5 h6 7. Bh4 g5 8. Bg3 Nxg3 9. hxg3 Bf5 10. e4 Bg6 11. Qc2 Nd7 12. Bd3 c5 13. d5 Qc7 14. a4 a6 15. a5 Nf6 16. Nc4 O-O 17. O-O Rae8 18. Rfe1 Nd7 19. Rad1 e6 20. e5 Bxd3 21. Qxd3 Nxe5 22. Nfxe5 exd5 23. Nxd6 Qxd6 24. Qxd5 Qxd5 25. Rxd5 Re6 26. Re3 Bxe5 27. Rexe5 Rxe5 28. Rxe5 Rc8 29. Re7 Rb8 30. b4 b6 31. Ra7 bxa5 32. bxa5 Rb1+ 33. Kh2 Rb3 34. Rxa6 Rxc3 35. Rxh6 Ra3 36. a6 c4 37. Rc6 Kg7 38. Kh3 f5 39. Rxc4 Rxa6 40. Kh2 Ra1 41. Rc6 Kf7 42. f3 Rf1 43. Rd6 Kg7 44. Rd4 Kf6 45. g4 f4 46. Rd6+ Kg7 47. Rd3 Ra1 48. g3 Ra4 49. gxf4 Rxf4 50. Kg3 Kg6 51. Rd6+ Kg7 52. Kf2 Rf8 53. Re6 Rf4 54. Ke3 Rf8 55. Re5 Kg6 56. Re6+ Kg7 57. Ke2 Rf4 58. Re3 Kg6 59. Kf2 Rf6 60. Re4 Rf8 61. Kg3 Rf6 62. Ra4 Rf7 63. Ra6+ Kg7 64. Ra4 Kg6 65. f4 Rxf4 1/2-1/2

[Event "Serbian League 2024"]
[Site "Bajina Basta"]
[Date "2024.09.28"]
[Round "2.30"]
[White "Gabric, Goran"]
[Black "Popovic, Milan S"]
[Result "1-0"]
[ECO "B92"]
[WhiteElo "2185"]
[BlackElo "2367"]
[Annotator "ChessBase"]
[PlyCount "91"]
[EventDate "2024.09.26"]
[EventType "team-tourn"]
[EventCountry "SRB"]
[SourceTitle "playchess.com"]
[Source "ChessBase"]
[SourceQuality "1"]
[TimeControl "40/5400+30:1800+30"]

1. e4 c5 2. Nf3 d6 3. d4 cxd4 4. Nxd4 Nf6 5. Nc3 a6 6. Be2 e5 7. Nf3 Be7 8. O-O O-O 9. h3 b5 10. Bg5 Nbd7 11. a4 b4 12. Nd5 Bb7 13. Bc4 Bxd5 14. exd5 Nb6 15. Bb3 a5 16. Re1 Nfd7 17. Be3 Rc8 18. Qe2 Nc5 19. Qb5 Nbd7 20. Nd2 Rb8 21. Qe2 Bg5 22. Bxg5 Qxg5 23. Nc4 Nb7 24. Qd2 Qxd2 25. Nxd2 Nb6 26. Bc4 Rfc8 27. b3 f5 28. f4 e4 29. g4 g6 30. Kf2 Kf7 31. gxf5 gxf5 32. Rg1 Kf6 33. Ke3 Rg8 34. Kd4 Rg6 35. h4 Rbg8 36. Rg5 h6 37. Rh5 Rf8 38. Nf1 Ke7 39. Ne3 Rgf6 40. Rg1 R8f7 41. Rg8 Nc5 42. Bb5 Ncd7 43. Rh8 Nf8 44. R5xh6 Nbd7 45. Rxf6 Rxf6 46. Rh5 1-0

[Event "Serbian League 2024"]
[Site "Bajina Basta"]
[Date "2024.09.28"]
[Round "2.31"]
[White "Adhiban, B.."]
[Black "Kuybokarov, Temur"]
[Result "1/2-1/2"]
[ECO "C54"]
[WhiteElo "2537"]
[BlackElo "2562"]
[Annotator "TA"]
[PlyCount "138"]
[EventDate "2024.09.26"]
[EventType "team-tourn"]
[EventCountry "SRB"]
[SourceTitle "playchess.com"]
[Source "ChessBase"]
[SourceQuality "1"]
[TimeControl "40/5400+30:1800+30"]

1. e4 e5 2. Nf3 Nc6 3. Bc4 Bc5 4. c3 Nf6 5. d3 d6 6. Bg5 h6 7. Bh4 a6 8. Nbd2 {[%emt 0:00:37] C54: Giuoco Piano: 4 c3 Nf6, main lines with 5 d4 and 5 d3.} Ba7 9. O-O Qe7 10. b4 Be6 11. a4 O-O 12. Rb1 Bxc4 13. Nxc4 Qe6 14. b5 axb5 $146 ({Predecessor:} 14... Ne7 15. Bxf6 Qxf6 16. b6 cxb6 17. Nxb6 Qe6 18. Nxa8 Rxa8 19. Rxb7 {1-0 Zwirs,N (2467)-Van der Hagen,L (2334) Dortmund Sparkassen op-A 51st 2024 (4)}) 15. axb5 Nb8 16. b6 Bxb6 17. Nxb6 cxb6 18. Bxf6 Qxf6 19. Rxb6 Nd7 20. Rxb7 Nc5 21. Rb6 Ra3 22. d4 Nxe4 23. dxe5 Qd8 24. Rb4 Nxc3 25. Qxd6 Qxd6 26. exd6 Ra6 27. d7 Rd6 28. Ne5 f6 29. Ng6 Rd8 30. h4 h5 31. Nf4 R6xd7 32. Nxh5 Rd4 33. Rxd4 Ne2+ 34. Kh2 Rxd4 35. Kh3 Nf4+ (35... Kf7 $11) 36. Nxf4 $14 Rxf4 37. f3 Kh7 38. Re1 Ra4 39. g4 Rb4 40. Kg3 Ra4 41. Re3 Ra1 42. Re2 Ra4 43. f4 ({White should play} 43. Re7 $16) 43... Ra3+ $11 44. Kg2 Ra5 45. f5 g6 46. Re7+ Kh6 47. fxg6 Kxg6 48. Kf3 Ra1 (48... f5 $1 $14) 49. h5+ $16 Kh6 50. Rf7 ({White should try} 50. Rb7 $16) 50... Rf1+ (50... Ra3+ $1 $11 51. Kg2 Kg5) 51. Ke3 Re1+ 52. Kf2 Re6 53. Kf3 Ra6 54. Kf4 Ra4+ 55. Kf5 Ra5+ {[%emt 0:00:22] [#]} 56. Kxf6 (56. Ke6 $1 $16 Ra6+ 57. Kf5 Ra5+ 58. Ke6 (58. Kxf6 Ra4 $11) 58... Ra6+ 59. Kf5 Ra5+) 56... Ra4 $1 $11 57. g5+ (57. Rf8 $5 Rf4+ $8 58. Ke7 Rxg4 59. Rf6+ Kxh5 60. Ke6 $11) 57... Kxh5 58. Rh7+ (58. g6 $5 Ra6+ $8 59. Kf5 Rxg6 60. Rh7+ Rh6 61. Rxh6+ Kxh6 $11) 58... Kg4 59. g6 (59. Rh1 $5 Ra6+ $8 60. Ke5 $11) 59... Ra6+ $1 60. Kf7 (60. Kg7 $5 Kg5 $8 61. Kf7 Rf6+ 62. Ke7 Rxg6 63. Rh1 $11) 60... Ra7+ $1 61. Kf6 (61. Ke6 $5 Ra6+ $8 62. Kf7 Ra7+ 63. Kf8 Ra8+ 64. Kg7 $11) 61... Ra6+ 62. Kf7 (62. Kg7 $5 Kg5 $8 63. Kf7 Rf6+ 64. Ke7 Kxg6 65. Rh8 $11) 62... Ra7+ $1 63. Ke8 (63. Ke6 $5 Ra6+ $8 64. Kf7 $11) 63... Ra8+ 64. Ke7 Ra7+ 65. Kf6 (65. Kd6 $5 Ra6+ $8 66. Kd5 Rxg6 67. Rh1 $11) 65... Ra6+ 66. Kf7 (66. Kg7 $5 Kg5 $8 67. Kf7 Rf6+ 68. Kg8 Kxg6 69. Rg7+ Kh6 70. Rg4 $11) 66... Ra7+ $1 67. Kf6 (67. Ke6 $5 Ra6+ $8 68. Kf7 $11) 67... Ra6+ 68. Kf7 (68. Kg7 $5 Kg5 $8 69. Kf7 Rf6+ 70. Ke7 Rxg6 71. Rh1 $11) 68... Ra7+ $1 69. Kf6 (69. Kg8 $5 Ra8+ $8 70. Kf7 Ra7+ $11) 69... Ra6+ 1/2-1/2

[Event "Serbian League 2024"]
[Site "Bajina Basta"]
[Date "2024.09.28"]
[Round "2.32"]
[White "Sychev, Klementy"]
[Black "Can, Emre"]
[Result "1/2-1/2"]
[ECO "B90"]
[WhiteElo "2532"]
[BlackElo "2547"]
[Annotator "TA"]
[PlyCount "119"]
[EventDate "2024.09.26"]
[EventType "team-tourn"]
[EventCountry "SRB"]
[SourceTitle "playchess.com"]
[Source "ChessBase"]
[SourceQuality "1"]
[TimeControl "40/5400+30:1800+30"]

1. e4 c5 2. Nf3 d6 3. d4 cxd4 4. Nxd4 Nf6 5. Nc3 a6 6. Bd3 e5 7. Nde2 Be7 8. O-O O-O 9. Ng3 {[%emt 0:00:30] B90: Sicilian Najdorf: Unusual White 6th moves, 6 Be3 Ng4 and 6 Be3 e5.} Be6 10. Nd5 Nxd5 11. exd5 Bxd5 12. Bxh7+ Kxh7 13. Qxd5 Nc6 14. Nf5 {[%emt 0:00:30] 14.f4 is more fashionable.} Qd7 15. Qf3 Rad8 16. b3 $146 ({Predecessor:} 16. Rd1 g6 17. Nxe7 Qxe7 18. Qh3+ Kg8 19. b3 Nd4 20. Bb2 Nxc2 21. Rac1 Nd4 22. Bxd4 exd4 {½-½ Willow,J (2414)-Wachinger,N (2454) Darlington Northumbria GM 2024 (1)}) 16... g6 17. Nxe7 Qxe7 18. c4 Nd4 19. Qh3+ Kg8 20. Bb2 d5 21. cxd5 Rxd5 22. Rae1 Qc5 23. Re4 Qc8 ({Of course not} 23... Qc2 24. Rh4 Kg7 (24... Qxb2 25. Rh8+ Kg7 26. Qh7+ Kf6 27. Rxf8 $18) (24... Ne2+ $2 25. Kh1 $18) 25. Rh7+ Kf6 26. Bxd4 exd4 27. Re1 $14) 24. Qe3 Qc2 25. Bxd4 exd4 26. Rxd4 Rxd4 27. Qxd4 Qxa2 28. Qb6 a5 29. Qxb7 a4 30. bxa4 Qxa4 31. Re1 Rd8 32. g3 Qd7 33. Qb2 Qd4 34. Qe2 Qd2 35. Qe4 Qd4 36. Qf3 (36. Qxd4 {simplifies} Rxd4 37. Kg2 Kg7 38. h4) 36... Qd2 37. Qe4 Qd4 $1 38. Qe7 Qd6 39. Qg5 Kg7 40. h4 Qf6 41. Qe3 Qd4 42. Qf3 Qd2 43. Qe4 Qd4 44. Qe7 (44. Qxd4+ {simplifies} Rxd4 45. Kg2 Rb4 46. Re7) 44... Rd7 45. Qe2 Rd6 46. Qe5+ Qxe5 47. Rxe5 f5 48. Kg2 Kf6 49. Ra5 Rd3 50. Ra6+ Kg7 51. Re6 Ra3 52. Re3 Ra4 53. Kf3 Kf6 54. Rd3 Ra6 55. Rd4 Ra3+ 56. Kf4 Ra6 57. Rb4 Rc6 58. f3 Ra6 59. g4 fxg4 $1 60. fxg4 1/2-1/2